Bruins vs Kings

Created - January 4 2012 at 17:06

Goals
1 2 3 T
Bruins 0 3 1 4
Kings 1 1 1 3
Shots
1 2 3 T
Bruins 6 5 7 18
Kings 7 14 10 31

Period #1

1. Kings , Jason Arnott 15 (Jamie McBain, Sean Bergenheim) at 5:40

Penalties :
Adam McQuaid (BOS) for Hooking (Minor) at 3:39, Ales Hemsky (BOS) for Tripping (Minor) at 7:06, Evander Kane (BOS) for Holding (Minor) at 19:49

Period #2

2. Bruins , Rich Peverley 3 (Dennis Seidenberg, Tyler Seguin) at 3:20
3. Bruins , David Krejci 8 (Dennis Seidenberg, Brad Marchand) at 5:53 (SH)
4. Kings , Evgeny Dadonov 8 (Joe Corvo, Michael Frolik) at 10:40
5. Bruins , Rick Nash 16 (Tobias Enstrom, Ales Hemsky) at 11:00

Penalties :
Zdeno Chara (BOS) for Holding Stick (Minor) at 3:23, Tobias Enstrom (BOS) for Holding (Minor) at 4:47, Tyler Seguin (BOS) for Hooking (Minor) at 8:35, Ales Hemsky (BOS) for Goalie Interference (Minor) at 12:40, Zdeno Chara (BOS) for Hooking (Minor) at 16:01, Zdeno Chara (BOS) for Hooking (Minor) at 18:21

Period #3

6. Kings , Jamie McBain 11 (Bryan Allen, Mike Lundin) at 0:24
7. Bruins , Zdeno Chara 9 (Nathan Horton, Chris Kelly) at 10:25

Penalties :
Bryan Allen (LOS) for High sticking (Minor) at 8:01, Zdeno Chara (BOS) for Tripping (Minor) at 11:36, Darroll Powe (LOS) for Hooking (Minor) at 13:47, Matt Duchene (LOS) for Hooking (Minor) at 17:22

Goalie Stats

Cam Ward (BOS), 28 saves from 31 shots - (0.903), W, 21-9-1, 60:00 minutes
Ondrej Pavelec (LOS), 14 saves from 18 shots - (0.778), L, 6-12-0, 60:00 minutes

Players Stats

Bruins
Player Name              G  A  P  +/- PIM S  H  SB FO    MP 
------------------------------------------------------------
Adam McQuaid             0  0  0   0  2   0  3  4  0/0   18 
Ales Hemsky              0  1  1   0  4   0  0  0  0/0   13 
Brad Marchand            0  1  1   1  0   1  0  0  0/0   12 
Chris Kelly              0  1  1  -1  0   0  0  0  3/12  14 
David Krejci             1  0  1   1  0   2  2  0  13/24 17 
Dennis Seidenberg        0  2  2   2  0   0  0  2  0/0   23 
Derick Brassard          0  0  0   0  0   2  1  0  3/10  9  
Evander Kane             0  0  0   0  2   0  0  0  0/0   10 
Jordan Leopold           0  0  0  -1  0   0  0  1  0/0   19 
Milan Lucic              0  0  0  -1  0   1  4  0  0/4   19 
Nathan Horton            0  1  1   1  0   3  0  0  0/1   9  
Patrice Bergeron         0  0  0   0  0   0  1  0  18/30 22 
Rich Peverley            1  0  1   0  0   1  0  0  0/1   10 
Rick Nash                1  0  1   0  0   5  5  0  0/0   13 
Tobias Enstrom           0  1  1   0  2   0  0  0  0/0   14 
Tyler Seguin             0  1  1   0  2   0  0  0  2/4   12 
Zach Bogosian            0  0  0   2  0   1  2  0  0/0   22 
Zdeno Chara              1  0  1   0  8   2  3  1  0/0   21 
Kings
Player Name              G  A  P  +/- PIM S  H  SB FO    MP 
------------------------------------------------------------
Brian Rolston            0  0  0   1  0   0  1  0  0/1   19 
Bryan Allen              0  1  1  -1  2   2  0  1  0/0   21 
Craig Adams              0  0  0   0  0   0  0  0  0/0   0  
Darroll Powe             0  0  0   1  2   1  1  1  11/18 17 
Evgeny Dadonov           1  0  1   1  0   2  0  0  0/0   15 
Jack Hillen              0  0  0   1  0   0  3  1  0/0   18 
Jamie McBain             1  1  2   1  0   6  0  2  0/0   21 
Jason Arnott             1  0  1   1  0   4  2  0  10/30 20 
Joe Corvo                0  1  1  -1  0   4  1  3  0/0   25 
Jonathon Blum            0  0  0   1  0   0  1  2  0/0   7  
Magnus Paajarvi          0  0  0  -2  0   1  1  1  0/2   9  
Matt Duchene             0  0  0  -3  2   5  0  0  21/29 22 
Matt Niskanen            0  0  0  -2  0   0  1  0  0/0   7  
Michael Frolik           0  1  1  -3  0   2  0  0  3/3   20 
Mike Lundin              0  1  1  -1  0   1  0  2  0/0   19 
Sean Bergenheim          0  1  1   1  0   1  4  0  1/1   20 
Sergei Samsonov          0  0  0  -1  0   2  0  1  1/2   20 
Wojtek Wolski            0  0  0   1  0   0  0  0  0/0   14 

3 Stars

1 - Jamie McBain (LOS)
2 - Rick Nash (BOS)
3 - Dennis Seidenberg (BOS)

Power Play

Bruins - 0 on 3 Attempt(s) - 0.00%
Kings - 0 on 10 Attempt(s) - 0.00%

Penalty Kill

Bruins - 10 on 10 Attempt(s) - 100.00% - Score 1 goal in Penalty Kill
Kings - 3 on 3 Attempt(s) - 100.00% - Score 0 goal in Penalty Kill

Game Notes

Jonathon Blum is injured at 1:59 of 2nd period (Separated Left Shoulder)
Brad Marchand is injured at 16:28 of 2nd period (Bruised Right Foot)

Finance

Level 1 -- Attendance: 6499 (99.98%) -- Ticket Income $519,920.00
Level 2 -- Attendance: 4343 (86.86%) -- Ticket Income $217,150.00
Level 3 -- Attendance: 2637 (75.34%) -- Ticket Income $92,295.00
Level 4 -- Attendance: 2118 (100.00%) -- Ticket Income $42,360.00
Luxury Box -- Attendance: 785 (78.50%) -- Ticket Income $157,000.00
Game was played at the Staples Center
Total Attendance: 16382 (90.42%)
Total Ticket Income: $1,029,272.00
Other Income: $181,554.90
Total Income: $1,210,827.00


Play by Play

Period #1

0:01 of 1st period - Matt Duchene wins face-off versus David Krejci in neutral zone.
0:05 of 1st period - Icing by Dennis Seidenberg.
0:06 of 1st period - David Krejci wins face-off versus Jason Arnott in Bruins zone.
0:23 of 1st period - Shot by Nathan Horton.
0:23 of 1st period - Stopped by Ondrej Pavelec without a rebound.
0:24 of 1st period - Patrice Bergeron wins face-off versus Matt Duchene in Kings zone.
0:29 of 1st period - Shot by Tobias Enstrom.
0:29 of 1st period - Shot Blocked by Joe Corvo.
0:33 of 1st period - Shot by Rick Nash.
0:33 of 1st period - Shot Misses the Net.
0:37 of 1st period - Shot by Ales Hemsky.
0:37 of 1st period - Shot Blocked by Sergei Samsonov.
0:39 of 1st period - Shot by Patrice Bergeron.
0:39 of 1st period - Shot Misses the Net.
0:52 of 1st period - Shot by Patrice Bergeron.
0:52 of 1st period - Shot Blocked by Joe Corvo.
2:50 of 1st period - Icing by Jonathon Blum.
2:51 of 1st period - Patrice Bergeron wins face-off versus Darroll Powe in Kings zone.
3:13 of 1st period - Off-side.
3:14 of 1st period - Michael Frolik wins face-off versus Derick Brassard in neutral zone.
3:39 of 1st period - Minor Penalty to Adam McQuaid for Hooking.
3:40 of 1st period - David Krejci wins face-off versus Jason Arnott in Bruins zone.
3:40 of 1st period - David Krejci is hit by Brian Rolston.
3:52 of 1st period - Shot by Bryan Allen.
3:52 of 1st period - Stopped by Cam Ward without a rebound.
3:53 of 1st period - David Krejci wins face-off versus Jason Arnott in Bruins zone.
4:08 of 1st period - Icing by Bryan Allen.
4:09 of 1st period - Patrice Bergeron wins face-off versus Jason Arnott in Kings zone.
4:10 of 1st period - Shot by Milan Lucic.
4:10 of 1st period - Stopped by Ondrej Pavelec without a rebound.
4:11 of 1st period - Matt Duchene wins face-off versus Milan Lucic in Kings zone.
5:22 of 1st period - Shot by Jason Arnott.
5:22 of 1st period - Stopped by Cam Ward without a rebound.
5:23 of 1st period - Patrice Bergeron wins face-off versus Jason Arnott in Bruins zone.
5:40 of 1st period - Shot by Jason Arnott.
5:40 of 1st period - Goal by Jason Arnott - Bruins : 0 - Kings : 1.
5:41 of 1st period - Darroll Powe wins face-off versus Derick Brassard in neutral zone.
6:37 of 1st period - Brad Marchand is hit by Jack Hillen.
7:06 of 1st period - Minor Penalty to Ales Hemsky for Tripping.
7:07 of 1st period - Matt Duchene wins face-off versus Patrice Bergeron in Bruins zone.
7:24 of 1st period - Icing by Michael Frolik.
7:25 of 1st period - Matt Duchene wins face-off versus David Krejci in Kings zone.
7:30 of 1st period - Shot by Joe Corvo.
7:30 of 1st period - Stopped by Cam Ward without a rebound.
7:31 of 1st period - Patrice Bergeron wins face-off versus Jason Arnott in Bruins zone.
7:31 of 1st period - Patrice Bergeron is hit by Sean Bergenheim.
8:56 of 1st period - Off-side.
8:57 of 1st period - Patrice Bergeron wins face-off versus Jason Arnott in neutral zone.
9:56 of 1st period - Shot by Rick Nash.
9:56 of 1st period - Shot Misses the Net.
10:00 of 1st period - Shot by Zach Bogosian.
10:00 of 1st period - Stopped by Ondrej Pavelec without a rebound.
10:01 of 1st period - Darroll Powe wins face-off versus Chris Kelly in Kings zone.
10:30 of 1st period - Zdeno Chara is hit by Darroll Powe and loses puck.
11:59 of 1st period - Shot by Evgeny Dadonov.
11:59 of 1st period - Deflect By Matt Duchene.
11:59 of 1st period - Stopped by Cam Ward without a rebound.
12:00 of 1st period - Darroll Powe wins face-off versus Patrice Bergeron in Bruins zone.
12:45 of 1st period - Shot by Michael Frolik.
12:45 of 1st period - Stopped by Cam Ward without a rebound.
12:46 of 1st period - Jason Arnott wins face-off versus Derick Brassard in Bruins zone.
13:37 of 1st period - Rick Nash is hit by Sean Bergenheim and loses puck.
14:07 of 1st period - Icing by Jamie McBain.
14:08 of 1st period - Jason Arnott wins face-off versus David Krejci in Kings zone.
14:08 of 1st period - Jason Arnott is hit by Milan Lucic.
14:37 of 1st period - Icing by Jamie McBain.
14:38 of 1st period - Jason Arnott wins face-off versus Derick Brassard in Kings zone.
15:37 of 1st period - Milan Lucic is hit by Jonathon Blum and loses puck.
16:29 of 1st period - Shot by Rick Nash.
16:29 of 1st period - Stopped by Ondrej Pavelec with a rebound.
16:53 of 1st period - Shot by Derick Brassard.
16:53 of 1st period - Stopped by Ondrej Pavelec without a rebound.
16:54 of 1st period - Matt Duchene wins face-off versus Nathan Horton in Kings zone.
17:02 of 1st period - Michael Frolik is hit by Zdeno Chara.
17:11 of 1st period - Milan Lucic is hit by Matt Niskanen.
17:15 of 1st period - Shot by Nathan Horton.
17:15 of 1st period - Stopped by Ondrej Pavelec with a rebound.
17:17 of 1st period - Shot by Zdeno Chara.
17:17 of 1st period - Shot Misses the Net.
17:21 of 1st period - Shot by Milan Lucic.
17:21 of 1st period - Shot Misses the Net.
17:23 of 1st period - Shot by Nathan Horton.
17:23 of 1st period - Shot Blocked by Magnus Paajarvi.
17:56 of 1st period - Off-side.
17:57 of 1st period - Darroll Powe wins face-off versus Chris Kelly in neutral zone.
18:51 of 1st period - Shot by Derick Brassard.
18:51 of 1st period - Shot Blocked by Jack Hillen.
18:55 of 1st period - Shot by Derick Brassard.
18:55 of 1st period - Shot Blocked by Jonathon Blum.
19:31 of 1st period - Tobias Enstrom is hit by Magnus Paajarvi and loses puck.
19:42 of 1st period - Shot by Michael Frolik.
19:42 of 1st period - Stopped by Cam Ward without a rebound.
19:43 of 1st period - Chris Kelly wins face-off versus Matt Duchene in Bruins zone.
19:49 of 1st period - Minor Penalty to Evander Kane for Holding.
19:50 of 1st period - Matt Duchene wins face-off versus David Krejci in Bruins zone.
19:50 of 1st period - Matt Duchene is hit by Adam McQuaid.

Period #2

0:01 of 2nd period - Patrice Bergeron wins face-off versus Matt Duchene in neutral zone.
0:43 of 2nd period - Shot by Joe Corvo.
0:43 of 2nd period - Stopped by Cam Ward without a rebound.
0:44 of 2nd period - Jason Arnott wins face-off versus David Krejci in Bruins zone.
1:59 of 2nd period - Shot by Brad Marchand.
1:59 of 2nd period - Shot Blocked by Jonathon Blum.
1:59 of 2nd period - Jonathon Blum from Kings is injured at 1:59 of 2nd period (Separated Left Shoulder).
2:00 of 2nd period - Darroll Powe wins face-off versus Patrice Bergeron in Kings zone.
2:00 of 2nd period - Jack Hillen is hit by Rick Nash and loses puck.
2:20 of 2nd period - Evgeny Dadonov is hit by Zach Bogosian and loses puck.
3:10 of 2nd period - Shot by Derick Brassard.
3:10 of 2nd period - Shot Misses the Net.
3:12 of 2nd period - Shot by Tyler Seguin.
3:12 of 2nd period - Shot Misses the Net.
3:16 of 2nd period - Shot by Rich Peverley.
3:16 of 2nd period - Shot Misses the Net.
3:20 of 2nd period - Shot by Rich Peverley.
3:20 of 2nd period - Goal by Rich Peverley - Bruins : 1 - Kings : 1.
3:21 of 2nd period - Jason Arnott wins face-off versus Chris Kelly in neutral zone.
3:23 of 2nd period - Minor Penalty to Zdeno Chara for Holding Stick.
3:24 of 2nd period - Jason Arnott wins face-off versus David Krejci in Bruins zone.
3:49 of 2nd period - Shot by Bryan Allen.
3:49 of 2nd period - Stopped by Cam Ward without a rebound.
3:50 of 2nd period - Sergei Samsonov wins face-off versus Patrice Bergeron in Bruins zone.
4:47 of 2nd period - Minor Penalty to Tobias Enstrom for Holding.
4:48 of 2nd period - David Krejci wins face-off versus Jason Arnott in Bruins zone.
4:59 of 2nd period - Shot by Jason Arnott.
4:59 of 2nd period - Stopped by Cam Ward with a rebound.
5:01 of 2nd period - Shot by Sean Bergenheim.
5:01 of 2nd period - Shot Misses the Net.
5:03 of 2nd period - Shot by Jamie McBain.
5:03 of 2nd period - Stopped by Cam Ward without a rebound.
5:04 of 2nd period - Jason Arnott wins face-off versus David Krejci in Bruins zone.
5:31 of 2nd period - Shot by Joe Corvo.
5:31 of 2nd period - Shot Blocked by Zdeno Chara.
5:33 of 2nd period - Shot by Mike Lundin.
5:33 of 2nd period - Deflect By Jason Arnott.
5:33 of 2nd period - Stopped by Cam Ward without a rebound.
5:34 of 2nd period - Darroll Powe wins face-off versus David Krejci in Bruins zone.
5:37 of 2nd period - Shot by Jamie McBain.
5:37 of 2nd period - Stopped by Cam Ward without a rebound.
5:38 of 2nd period - Matt Duchene wins face-off versus Patrice Bergeron in Bruins zone.
5:49 of 2nd period - Shot by Brad Marchand.
5:49 of 2nd period - Stopped by Ondrej Pavelec with a rebound.
5:53 of 2nd period - Shot by David Krejci.
5:53 of 2nd period - Goal by David Krejci - Bruins : 2 - Kings : 1.
5:54 of 2nd period - Patrice Bergeron wins face-off versus Darroll Powe in neutral zone.
6:05 of 2nd period - Shot by Adam McQuaid.
6:05 of 2nd period - Shot Misses the Net.
6:54 of 2nd period - Icing by Jordan Leopold.
6:55 of 2nd period - Matt Duchene wins face-off versus Chris Kelly in Bruins zone.
6:58 of 2nd period - Shot by Magnus Paajarvi.
6:58 of 2nd period - Stopped by Cam Ward without a rebound.
6:59 of 2nd period - Matt Duchene wins face-off versus Derick Brassard in Bruins zone.
7:05 of 2nd period - Magnus Paajarvi is hit by Adam McQuaid and loses puck.
7:16 of 2nd period - Icing by Michael Frolik.
7:17 of 2nd period - Chris Kelly wins face-off versus Matt Duchene in Kings zone.
7:52 of 2nd period - Shot by Brad Marchand.
7:52 of 2nd period - Shot Misses the Net.
7:56 of 2nd period - Shot by Jordan Leopold.
7:56 of 2nd period - Shot Misses the Net.
8:16 of 2nd period - Shot by Rick Nash.
8:16 of 2nd period - Stopped by Ondrej Pavelec without a rebound.
8:17 of 2nd period - Derick Brassard wins face-off versus Jason Arnott in Kings zone.
8:22 of 2nd period - Shot by Adam McQuaid.
8:22 of 2nd period - Shot Blocked by Jamie McBain.
8:26 of 2nd period - Shot by Derick Brassard.
8:26 of 2nd period - Shot Blocked by Bryan Allen.
8:35 of 2nd period - Minor Penalty to Tyler Seguin for Hooking.
8:36 of 2nd period - Sean Bergenheim wins face-off versus David Krejci in Bruins zone.
8:46 of 2nd period - Icing by Brian Rolston.
8:47 of 2nd period - Jason Arnott wins face-off versus Patrice Bergeron in Kings zone.
8:47 of 2nd period - Jason Arnott is hit by Milan Lucic.
9:55 of 2nd period - Off-side.
9:56 of 2nd period - Patrice Bergeron wins face-off versus Jason Arnott in neutral zone.
10:11 of 2nd period - David Krejci is hit by Jason Arnott and loses puck.
10:23 of 2nd period - Brian Rolston is hit by Milan Lucic and loses puck.
10:40 of 2nd period - Shot by Evgeny Dadonov.
10:40 of 2nd period - Goal by Evgeny Dadonov - Bruins : 2 - Kings : 2.
10:41 of 2nd period - Patrice Bergeron wins face-off versus Darroll Powe in neutral zone.
11:00 of 2nd period - Shot by Rick Nash.
11:00 of 2nd period - Goal by Rick Nash - Bruins : 3 - Kings : 2.
11:01 of 2nd period - Darroll Powe wins face-off versus Derick Brassard in neutral zone.
12:24 of 2nd period - Joe Corvo is hit by Zdeno Chara and loses puck.
12:40 of 2nd period - Minor Penalty to Ales Hemsky for Goalie Interference.
12:41 of 2nd period - Patrice Bergeron wins face-off versus Jason Arnott in Bruins zone.
12:58 of 2nd period - Shot by Jamie McBain.
12:58 of 2nd period - Stopped by Cam Ward without a rebound.
12:59 of 2nd period - Patrice Bergeron wins face-off versus Jason Arnott in Bruins zone.
13:18 of 2nd period - Shot by Jason Arnott.
13:18 of 2nd period - Shot Misses the Net.
13:50 of 2nd period - Shot by Joe Corvo.
13:50 of 2nd period - Shot Misses the Net.
13:52 of 2nd period - Shot by Michael Frolik.
13:52 of 2nd period - Shot Misses the Net.
14:15 of 2nd period - Icing by Mike Lundin.
14:16 of 2nd period - Matt Duchene wins face-off versus Patrice Bergeron in Kings zone.
14:51 of 2nd period - Shot by Evgeny Dadonov.
14:51 of 2nd period - Shot Misses the Net.
14:53 of 2nd period - Shot by Darroll Powe.
14:53 of 2nd period - Stopped by Cam Ward without a rebound.
14:54 of 2nd period - Derick Brassard wins face-off versus Darroll Powe in Bruins zone.
15:00 of 2nd period - Jamie McBain is hit by Derick Brassard and loses puck.
15:07 of 2nd period - Shot by Derick Brassard.
15:07 of 2nd period - Shot Blocked by Darroll Powe.
15:09 of 2nd period - Shot by Dennis Seidenberg.
15:09 of 2nd period - Shot Blocked by Jamie McBain.
15:39 of 2nd period - Jack Hillen is hit by Rick Nash and loses puck.
15:55 of 2nd period - Off-side.
15:56 of 2nd period - Chris Kelly wins face-off versus Magnus Paajarvi in neutral zone.
15:58 of 2nd period - Off-side.
15:59 of 2nd period - Matt Duchene wins face-off versus Chris Kelly in neutral zone.
16:01 of 2nd period - Minor Penalty to Zdeno Chara for Hooking.
16:02 of 2nd period - David Krejci wins face-off versus Jason Arnott in Bruins zone.
16:11 of 2nd period - Shot by Sean Bergenheim.
16:11 of 2nd period - Shot Misses the Net.
16:13 of 2nd period - Shot by Jason Arnott.
16:13 of 2nd period - Shot Blocked by Jordan Leopold.
16:27 of 2nd period - Brad Marchand is hit by Jason Arnott.
16:28 of 2nd period - Brad Marchand from Bruins is injured at 16:28 of 2nd period (Bruised Right Foot).
16:29 of 2nd period - Matt Duchene wins face-off versus Milan Lucic in Bruins zone.
16:47 of 2nd period - Off-side.
16:48 of 2nd period - David Krejci wins face-off versus Jason Arnott in neutral zone.
17:11 of 2nd period - Shot by Jamie McBain.
17:11 of 2nd period - Stopped by Cam Ward without a rebound.
17:12 of 2nd period - Matt Duchene wins face-off versus Patrice Bergeron in Bruins zone.
17:17 of 2nd period - Shot by Sergei Samsonov.
17:17 of 2nd period - Shot Blocked by Adam McQuaid.
17:21 of 2nd period - Shot by Matt Duchene.
17:21 of 2nd period - Stopped by Cam Ward without a rebound.
17:22 of 2nd period - Matt Duchene wins face-off versus Patrice Bergeron in Bruins zone.
17:23 of 2nd period - Shot by Michael Frolik.
17:23 of 2nd period - Shot Blocked by Adam McQuaid.
17:25 of 2nd period - Shot by Sergei Samsonov.
17:25 of 2nd period - Stopped by Cam Ward without a rebound.
17:26 of 2nd period - Matt Duchene wins face-off versus Patrice Bergeron in Bruins zone.
18:09 of 2nd period - Wojtek Wolski is hit by Zdeno Chara and loses puck.
18:21 of 2nd period - Minor Penalty to Zdeno Chara for Hooking.
18:22 of 2nd period - Patrice Bergeron wins face-off versus Jason Arnott in Bruins zone.
18:22 of 2nd period - Patrice Bergeron is hit by Sean Bergenheim.
19:01 of 2nd period - Off-side.
19:02 of 2nd period - Patrice Bergeron wins face-off versus Matt Duchene in neutral zone.
19:17 of 2nd period - Shot by Joe Corvo.
19:17 of 2nd period - Stopped by Cam Ward without a rebound.
19:18 of 2nd period - David Krejci wins face-off versus Matt Duchene in Bruins zone.

Period #3

0:01 of 3rd period - Michael Frolik wins face-off versus Patrice Bergeron in neutral zone.
0:01 of 3rd period - Joe Corvo is hit by Milan Lucic and loses puck.
0:12 of 3rd period - Shot by Matt Duchene.
0:12 of 3rd period - Shot Misses the Net.
0:14 of 3rd period - Shot by Matt Duchene.
0:14 of 3rd period - Stopped by Cam Ward with a rebound.
0:16 of 3rd period - Shot by Michael Frolik.
0:16 of 3rd period - Shot Misses the Net.
0:18 of 3rd period - Shot by Michael Frolik.
0:18 of 3rd period - Shot Blocked by Adam McQuaid.
0:20 of 3rd period - Shot by Mike Lundin.
0:20 of 3rd period - Stopped by Cam Ward with a rebound.
0:24 of 3rd period - Shot by Jamie McBain.
0:24 of 3rd period - Goal by Jamie McBain - Bruins : 3 - Kings : 3.
0:25 of 3rd period - Darroll Powe wins face-off versus Chris Kelly in neutral zone.
1:54 of 3rd period - Bryan Allen is hit by Rick Nash and loses puck.
3:06 of 3rd period - Icing by Joe Corvo.
3:07 of 3rd period - Matt Duchene wins face-off versus Chris Kelly in Kings zone.
3:07 of 3rd period - Matt Duchene is hit by David Krejci.
3:19 of 3rd period - Jordan Leopold is hit by Joe Corvo and loses puck.
3:30 of 3rd period - Shot by David Krejci.
3:30 of 3rd period - Shot Blocked by Mike Lundin.
3:35 of 3rd period - Michael Frolik is hit by David Krejci and loses puck.
4:45 of 3rd period - Bryan Allen is hit by Adam McQuaid and loses puck.
4:52 of 3rd period - Shot by Derick Brassard.
4:52 of 3rd period - Stopped by Ondrej Pavelec without a rebound.
4:53 of 3rd period - David Krejci wins face-off versus Jason Arnott in Kings zone.
5:09 of 3rd period - Off-side.
5:10 of 3rd period - Tyler Seguin wins face-off versus Magnus Paajarvi in neutral zone.
5:23 of 3rd period - Shot by Jason Arnott.
5:23 of 3rd period - Shot Misses the Net.
5:25 of 3rd period - Shot by Sean Bergenheim.
5:25 of 3rd period - Stopped by Cam Ward without a rebound.
5:26 of 3rd period - Michael Frolik wins face-off versus Chris Kelly in Bruins zone.
5:27 of 3rd period - Shot by Matt Duchene.
5:27 of 3rd period - Stopped by Cam Ward without a rebound.
5:28 of 3rd period - Matt Duchene wins face-off versus Milan Lucic in Bruins zone.
6:26 of 3rd period - Shot by Jamie McBain.
6:26 of 3rd period - Stopped by Cam Ward without a rebound.
6:27 of 3rd period - Darroll Powe wins face-off versus Rich Peverley in Bruins zone.
7:09 of 3rd period - Icing by Adam McQuaid.
7:10 of 3rd period - Derick Brassard wins face-off versus Matt Duchene in Bruins zone.
7:28 of 3rd period - Magnus Paajarvi is hit by Zach Bogosian and loses puck.
8:01 of 3rd period - Minor Penalty to Bryan Allen for High sticking.
8:02 of 3rd period - David Krejci wins face-off versus Darroll Powe in Kings zone.
9:13 of 3rd period - Icing by Nathan Horton.
9:14 of 3rd period - Patrice Bergeron wins face-off versus Darroll Powe in Bruins zone.
9:21 of 3rd period - Shot by Nathan Horton.
9:21 of 3rd period - Stopped by Ondrej Pavelec without a rebound.
9:22 of 3rd period - David Krejci wins face-off versus Matt Duchene in Kings zone.
10:23 of 3rd period - Shot by Nathan Horton.
10:23 of 3rd period - Shot Misses the Net.
10:25 of 3rd period - Shot by Zdeno Chara.
10:25 of 3rd period - Goal by Zdeno Chara - Bruins : 4 - Kings : 3.
10:26 of 3rd period - Darroll Powe wins face-off versus Derick Brassard in neutral zone.
10:40 of 3rd period - Shot by Evgeny Dadonov.
10:40 of 3rd period - Stopped by Cam Ward without a rebound.
10:41 of 3rd period - Patrice Bergeron wins face-off versus Jason Arnott in Bruins zone.
11:00 of 3rd period - Bryan Allen is hit by Rick Nash and loses puck.
11:36 of 3rd period - Minor Penalty to Zdeno Chara for Tripping.
11:37 of 3rd period - Matt Duchene wins face-off versus Milan Lucic in Bruins zone.
11:54 of 3rd period - Shot by Joe Corvo.
11:54 of 3rd period - Shot Blocked by Dennis Seidenberg.
11:58 of 3rd period - Shot by Matt Duchene.
11:58 of 3rd period - Shot Misses the Net.
12:02 of 3rd period - Shot by Matt Duchene.
12:02 of 3rd period - Stopped by Cam Ward with a rebound.
12:04 of 3rd period - Shot by Joe Corvo.
12:04 of 3rd period - Shot Blocked by Adam McQuaid.
12:06 of 3rd period - Shot by Sergei Samsonov.
12:06 of 3rd period - Shot Misses the Net.
12:10 of 3rd period - Shot by Matt Duchene.
12:10 of 3rd period - Shot Blocked by Dennis Seidenberg.
12:12 of 3rd period - Shot by Joe Corvo.
12:12 of 3rd period - Stopped by Cam Ward without a rebound.
12:13 of 3rd period - David Krejci wins face-off versus Jason Arnott in Bruins zone.
12:53 of 3rd period - Icing by Jack Hillen.
12:54 of 3rd period - Patrice Bergeron wins face-off versus Jason Arnott in Kings zone.
13:16 of 3rd period - Off-side.
13:17 of 3rd period - Matt Duchene wins face-off versus Patrice Bergeron in neutral zone.
13:47 of 3rd period - Minor Penalty to Darroll Powe for Hooking.
13:48 of 3rd period - Matt Duchene wins face-off versus Tyler Seguin in Kings zone.
13:48 of 3rd period - Matt Duchene is hit by Rick Nash.
14:14 of 3rd period - Shot by Nathan Horton.
14:14 of 3rd period - Shot Misses the Net.
14:16 of 3rd period - Shot by Rick Nash.
14:16 of 3rd period - Stopped by Ondrej Pavelec without a rebound.
14:17 of 3rd period - Jason Arnott wins face-off versus David Krejci in Kings zone.
15:14 of 3rd period - Shot by Rick Nash.
15:14 of 3rd period - Stopped by Ondrej Pavelec with a rebound.
15:57 of 3rd period - Icing by Zach Bogosian.
15:58 of 3rd period - Tyler Seguin wins face-off versus Darroll Powe in Bruins zone.
15:58 of 3rd period - Tyler Seguin is hit by Sean Bergenheim.
16:21 of 3rd period - Icing by Rich Peverley.
16:22 of 3rd period - Matt Duchene wins face-off versus Tyler Seguin in Bruins zone.
16:27 of 3rd period - Shot by Sergei Samsonov.
16:27 of 3rd period - Stopped by Cam Ward without a rebound.
16:28 of 3rd period - David Krejci wins face-off versus Sergei Samsonov in Bruins zone.
16:35 of 3rd period - Shot by Zdeno Chara.
16:35 of 3rd period - Stopped by Ondrej Pavelec without a rebound.
16:36 of 3rd period - Patrice Bergeron wins face-off versus Jason Arnott in Kings zone.
16:42 of 3rd period - Sean Bergenheim is hit by Patrice Bergeron and loses puck.
17:18 of 3rd period - Ales Hemsky is hit by Jack Hillen and loses puck.
17:22 of 3rd period - Minor Penalty to Matt Duchene for Hooking.
17:23 of 3rd period - Darroll Powe wins face-off versus David Krejci in Kings zone.
18:04 of 3rd period - Shot by Milan Lucic.
18:04 of 3rd period - Shot Blocked by Mike Lundin.
18:18 of 3rd period - Shot by Rick Nash.
18:18 of 3rd period - Shot Misses the Net.
19:04 of 3rd period - Shot by David Krejci.
19:04 of 3rd period - Stopped by Ondrej Pavelec without a rebound.
19:05 of 3rd period - Jason Arnott wins face-off versus Chris Kelly in Kings zone.
19:13 of 3rd period - Off-side.
19:14 of 3rd period - David Krejci wins face-off versus Brian Rolston in neutral zone.
19:36 of 3rd period - Rich Peverley is hit by Jack Hillen and loses puck.
19:49 of 3rd period - Shot by Tyler Seguin.
19:49 of 3rd period - Shot Blocked by Joe Corvo.
19:53 of 3rd period - Shot by Chris Kelly.
19:53 of 3rd period - Deflect By Rich Peverley.
19:53 of 3rd period - Shot Misses the Net.


Output by the SimonT Hockey Simulator (STHS) for Stephane Roy -- Original Page W3C XHTML 1.0 Valid